 Dungeon Crawl Stone Soup version 0.19-a0-1587-gaef70b6 (webtiles) character file.

291 dvd the Stinger (level 6, -1/38 HPs)
             Began as an Octopode Venom Mage on Sept 16, 2016.
             Slain by a human zombie (8 damage)
             ... in an ossuary.
             The game lasted 00:13:04 (4117 turns).

dvd the Stinger (Octopode Venom Mage)               Turns: 4117, Time: 00:13:04

Health: -1/38      AC:  1    Str:  8    XL:     6   Next: 32%
Magic:  11/11      EV: 13    Int: 19    God:
Gold:   213        SH:  0    Dex: 12    Spells: 2 memorised, 6 levels left

rFire  . . .     SeeInvis .     a - +0 short sword
rCold  . . .     Gourm    .     (no shield)
rNeg   . . .     Faith    .     (helmet restricted)
rPois  .         Spirit   .     (no amulet)
rElec  .         Dismiss  .     (no ring)
rCorr  .         Reflect  .     (no ring)
MR     .....     Harm     .     (no ring)
Stlth  ++++......               (no ring)
                                (no ring)
                                (no ring)
                                (no ring)
                                (no ring)

@: no status effects
A: almost no armour, stealthy swim, amphibious, 8 rings, constrict 8, camouflage
1, gelatinous body 1
a: no special abilities


You were in an ossuary.
You were not hungry.

You visited 1 branch of the dungeon, and saw 4 of its levels.
You also visited: Ossuary.

You collected 213 gold pieces.

Inventory:

Hand Weapons
 a - a +0 short sword (weapon)
Wands
 q - a wand of flame (33/48)
Scrolls
 j - a scroll of remove curse
Potions
 c - a potion of ambrosia {unknown}
 d - 2 potions of haste {unknown}
 e - a potion of magic
 f - a potion of heal wounds {unknown}
 h - a potion of lignification {unknown}
 p - a potion of curing {unknown}
Books
 g - a book of Fire

   Spells                             Type                      Level
   a - Ignite Poison                  Fire/Transmutation/Poison    3
   b - Fireball                       Conjuration/Fire             5
   c - Bolt of Fire                   Conjuration/Fire             6
   d - Delayed Fireball               Conjuration/Fire             7
   e - Ring of Flames                 Charms/Fire                  7
 k - a Young Poisoner's Handbook

   Spells                             Type                      Level
   a - Sting                          Conjuration/Poison           1
   b - Mephitic Cloud                 Conjuration/Poison/Air       3
   c - Olgreb's Toxic Radiance        Poison                       4
   d - Alistair's Intoxication        Transmutation/Poison         5
   e - Venom Bolt                     Conjuration/Poison           5
Comestibles
 b - 2 bread rations
 i - 2 royal jellies
 l - a beef jerky


   Skills:
 + Level 1.0 Fighting
 + Level 1.2 Short Blades
 + Level 2.2 Dodging
 + Level 4.3 Stealth
 + Level 3.4 Spellcasting
 + Level 2.0 Conjurations
 + Level 6.3 Poison Magic


You had 6 spell levels left.
You knew the following spells:

 Your Spells              Type           Power        Failure   Level  Hunger
a - Sting                 Conj/Pois      ###.         2%          1    None
b - Olgreb's Toxic Radia  Pois           ####....     12%         4    ####...


Dungeon Overview and Level Annotations

Branches:
Dungeon (4/15)
 Temple: D:4-7

Altars:
Makhleb
Sif Muna
Uskayaw

Annotations:
D:4 Grinder; Xenophilius's ghost, amateur GrGl


Innate Abilities, Weirdness & Mutations

You cannot wear most types of armour.
You are very stealthy in the water.
You are amphibious.
You can wear up to eight rings at the same time.
You can use your tentacles to constrict eight enemies at once.
Your skin changes colour to match your surroundings (Stealth+).
Your rubbery body absorbs attacks. (AC +1, EV +1)


Message History

A rat zombie comes into view.
You hit the centaur zombie.
The centaur zombie is almost destroyed.
You constrict the kobold zombie.
You destroy the kobold zombie!
Your Conjurations skill increases to level 2!
The centaur zombie hits you. x2
You hit the centaur zombie but do no damage.
The centaur zombie is almost destroyed.
The sentinel's mark upon you fades away.
The rat zombie barely misses you. The centaur zombie hits you.
* * * LOW HITPOINT WARNING * * *
Unknown command.
The human zombie hits you.
* * * LOW HITPOINT WARNING * * *
An elf zombie comes into view.
You hit the centaur zombie.
The centaur zombie is almost destroyed.
The centaur zombie barely misses you. The human zombie hits you!
You die...

####################
...................#
...................#
.......8..8....Z...#
...............Z...#
..######..######Z..#
..# #^.# #ZZ.# ..#
#..# #ZZ.# Z.# #..#
#@..# .Z# .... #...#
..# ##... #...# ..#
#... #...# .Z# #....
#...# ..# #...# ..#
#...# ..# #...#
#...#


You could see 2 rat zombies, a hobgoblin zombie, 2 elf zombies, a centaur zombie
and a human zombie.

Vanquished Creatures
  A scorpion (D:4)
  A hound (D:2)
  Natasha (D:3)
  Terence (D:2)
  5 adders
  A worm (D:2)
  3 dart slugs
  4 leopard geckos
  3 orcs (D:3)
  2 ball pythons
  6 bats
  6 giant cockroaches
  7 goblins
  9 hobgoblins
  10 jackals
  3 quokkas
  8 frilled lizards
  5 hobgoblin zombies (Ossuary)
  A jackal zombie (Ossuary)
  10 kobolds
  7 kobold zombies (Ossuary)
  A leopard gecko skeleton (D:4)
  8 orc zombies (Ossuary)
  11 rats
114 creatures vanquished.

Notes
Turn   | Place    | Note
-------+----------+-------------------------------------------
     0 | D:1      | dvd the Octopode Venom Mage began the quest for the Orb.
     0 | D:1      | Reached XP level 1. HP: 11/11 MP: 3/3
    79 | D:1      | Reached skill level 5 in Poison Magic
   336 | D:1      | Reached XP level 2. HP: 17/17 MP: 5/5
   869 | D:1      | Reached XP level 3. HP: 21/21 MP: 0/6
  1405 | D:2      | Noticed Terence
  1874 | D:2      | Killed Terence
  1874 | D:2      | Reached XP level 4. HP: 27/27 MP: 0/7
  1950 | D:2      | Learned a level 4 spell: Olgreb's Toxic Radiance
  1972 | D:2      | Found a burning altar of Makhleb.
  1981 | D:2      | Reached skill level 1 in Conjurations
  2417 | D:2      | Reached XP level 5. HP: 32/32 MP: 5/9
  2497 | D:2      | Reached skill level 6 in Poison Magic
  2615 | D:3      | Noticed Natasha
  2621 | D:3      | Killed Natasha
  2754 | D:3      | Reached skill level 1 in Short Blades
  2857 | D:3      | Found a deep blue altar of Sif Muna.
  3228 | D:4      | Reached XP level 6. HP: 36/37 MP: 0/11
  3422 | D:4      | Noticed Grinder
  3530 | D:4      | Noticed Xenophilius's ghost (amateur GrGl)
  3595 | D:3      | Found a hide-covered altar of Uskayaw.
  3602 | D:3      | Noticed a hand axe
  3603 | D:3      | Noticed a hand axe
  3764 | D:4      | Found a sand-covered staircase.
  3769 | Ossuary  | Entered an ossuary
  4033 | Ossuary  | Reached skill level 1 in Fighting
  4117 | Ossuary  | Slain by a human zombie

Vault maps used:
D:1:      lightli_arrival_noodles, corexii_corridor_pit, st_stairs_4,
          minmay_tetromino_o4
D:2:      makhleb_blood_cavern_becter, uniq_terence
D:3:      lemuel_round_altar, dancing_weapons_uskayaw, minmay_misc_feat_columns,
          minivault_4, uniq_natasha
D:4:      marbit_many_paths, enter_ossuary_5, uniq_grinder, uniq_pikel
Ossuary:  ossuary_tomb_1

Skill      XL: |  1  2  3  4  5  6 |
---------------+-------------------+-----
Poison Magic   | 5 6 |  6.3
Stealth        | 3 4 |  4.3
Conjurations   | 1 2 |  2.0
Spellcasting   | 3 |  3.4
Short Blades   | 1 |  1.2
Fighting       | 1 |  1.0
Dodging        | |  2.2

Action                   |  1- 3 |  4- 6 || total
-------------------------+-------+-------++-------
Melee: Short sword       |    42 |    93 ||   135
       Constrict         |    12 |    29 ||    41
       Tentacles         |     4 |    17 ||    21
 Cast: Sting             |    63 |    50 ||   113
       Olgreb's Toxic Ra |       |     4 ||     4
  Use: Scroll            |     2 |     4 ||     6
 Stab: Sleeping          |     7 |     7 ||    14
  Eat: Chunk             |     4 |     8 ||    12
Armor: Skin              |       |     3 ||     3
Dodge: Dodged            |    33 |    63 ||    96
